 Dungeon Crawl Stone Soup version 0.28-a0-80-g9707f7362f (webtiles) character file.

Game seed: 6682345542174620925

2 billyiscool the Digger (level 1, 0/13 HPs)
             Began as a Formicid Earth Elementalist on Aug 5, 2021.
             Killed from afar by a dart slug (4 damage)
             ... with a slug dart
             ... on level 1 of the Dungeon.
             The game lasted 00:05:48 (360 turns).

billyiscool the Digger (Formicid Earth Elementalist) Turns: 360, Time: 00:05:48

Health: 0/13       AC:  2    Str: 12    XL:     1   Next: 44%
Magic:  3/3        EV: 12    Int: 14    God:
Gold:   12         SH:  0    Dex: 11    Spells: 3/4 levels left

rFire   . . .      SeeInvis +   d - +0 falchion
rCold   . . .      Faith    .   (no shield)
rNeg    . . .      Spirit   .   b - +0 robe
rPois   .          Reflect  .   (helmet unavailable)
rElec   .          Harm     .   (no cloak)
rCorr   .          Rampage  .   (no gloves)
Will    .....                   (no boots)
Stlth   ++........              (no amulet)
HPRegen 0.04/turn               (no ring)
MPRegen 0.08/turn               (no ring)

@: no status effects
A: permanent stasis, dig shafts and tunnels, antennae 3, four strong arms
a: Dig, Shaft Self


You were on level 1 of the Dungeon.
You visited 1 branch of the dungeon, and saw 1 of its levels.

You collected 12 gold pieces.

Inventory:

Hand Weapons
 d - a +0 falchion (weapon)
Missiles
 c - 29 stones
Armour
 b - a +0 robe (worn)
Scrolls
 a - a scroll of enchant weapon {unknown}


   Skills:
 + Level 1.8 Dodging
 + Level 2.4 Stealth
 + Level 2.1 Spellcasting
 + Level 1.1 Transmutations
 + Level 3.8 Earth Magic


You had 3 spell levels left.
You knew the following spells:

 Your Spells              Type           Power      Damage    Failure   Level
a - Sandblast             Erth           24%        2d8       4%          1

Your spell library contained the following spells:

 Spells                   Type           Power      Damage    Failure   Level
 Passwall                 Tmut/Erth      6%         N/A       13%         2
 Stone Arrow              Conj/Erth      12%        3d7       32%         3
 Petrify                  Tmut/Erth      8%         N/A       63%         4


Dungeon Overview and Level Annotations

Branches:
Dungeon (1/15)

Altars:


Innate Abilities, Weirdness & Mutations

You cannot be hasted, slowed, berserked, paralysed or teleported.
You can dig through walls and to a lower floor.
You have a pair of large antennae on your head. (SInv)
Your four strong arms can wield two-handed weapons with a shield.


Message History

Unknown command.
Unknown command.
Hit: d) +0 falchion
Press: ? - help, Dir - move target, f - you
Okay, then.
You miscast Sandblast.
You are very lightly contaminated with residual magic.
Nothing appears to happen.
A ball python is nearby!
The ball python hisses angrily.
The ball python completely misses you. The ball python grabs you.
The ball python constricts you.
You escape the ball python's grasp.
The ball python closely misses you. The ball python barely misses you.
Your magical contamination has completely faded away.
The ball python bites you. The ball python closely misses you.
The ball python closely misses you.
You riposte.
You hit the ball python.
You kill the ball python!
A bat, a hobgoblin and a dart slug come into view.
Found a stone staircase leading down.
The dart slug launches a dart at you. The slug dart misses you.
The bat hits you but does no damage. The bat barely misses you.
The bat barely misses you. The bat hits you but does no damage.
The bat hits you but does no damage. The bat hits you but does no damage.
The bat misses you. The bat closely misses you.
You riposte.
You slash the bat!
You kill the bat!
You hit the dart slug but do no damage. The dart slug launches a dart at you.
The slug dart hits you. The dart slug bites you.
The dart slug barely misses you. The dart slug launches a dart at you.
The slug dart hits you. The dart slug barely misses you.
The dart slug launches a dart at you. The slug dart hits you.
You die...

#... .>. #.... #.#
#.....#.#########+##
#....w.............############
#....##.######.................
#.. #.# #w................ #
#.# #................. #.#
#................. #g#
#@................ #.#
#................. #.#
#.................
#.................
##########.####### #.# #.# #.##
#..#


You could see a dart slug.

Vanquished Creatures
  A ball python (D:1)
  A bat (D:1)
  A rat (D:1)
3 creatures vanquished.

Notes
Turn   | Place    | Note
-------+----------+-------------------------------------------
     0 | D:1      | billyiscool the Formicid Earth Elementalist began the quest
                  | for the Orb.
     0 | D:1      | Reached XP level 1. HP: 13/13 MP: 3/3
   360 | D:1      | Killed from afar by a dart slug

Illustrated notes

Levels and vault maps discovered:
D:1:      giann_horns, layout_basic, ebering_ecumenical_altar_box,
          minmay_surrounded

Action                   || total
-------------------------++-------
Melee: Falchion          ||     1
 Cast: Sandblast         ||     1
Armor: Robe              ||     4
Dodge: Dodged            ||    19
       Rpst.: Falchion   ||     2

Table legend: (Time is in decaauts)
 A = Elapsed time spent in this place.
 B = Non-inter-level travel time spent in this place.
 C = Inter-level travel time spent in this place.
 D = Time resting spent in this place.
 E = Time spent auto-exploring this place.
 F = Levels seen in this place.
 G = Mean time per level.
                   A        B        C        D        E       F      G
               +--------+--------+--------+--------+--------+-----+--------+
         Total |    359 |    344 |     15 |      0 |    142 |   1 |  359.0 |
       Dungeon |    359 |    344 |     15 |      0 |    142 |   1 |  359.0 |
               +--------+--------+--------+--------+--------+-----+--------+

Top non-repeatable levels by time:
     D:1: 359 daAuts
